 Dungeon Crawl Stone Soup version 0.22-a0-293-gc9362ec (webtiles) character file.

148 grizmgrazm2 the Grave Robber (level 5, -1/36 HPs)
             Began as a Demonspawn Necromancer on Mar 24, 2018.
             Slain by a gnoll
             ... wielding a +0 spear
              (6 damage)
             ... on level 3 of the Dungeon.
             The game lasted 00:09:45 (3807 turns).

grizmgrazm2 the Grave Robber (DsNe)                 Turns: 3807, Time: 00:09:45

Health: -1/36      AC:  5    Str:  9    XL:     5   Next: 8%
Magic:  7/9        EV: 10    Int: 17    God:
Gold:   169        SH:  0    Dex: 13    Spells: 9/10 levels left

rFire    + . .     SeeInvis .   e - +2 dagger (vamp)
rCold    . . .     Gourm    .   (no shield)
rNeg     . . .     Faith    .   j - +0 ring mail
rPois    .         Spirit   .   (helmet restricted)
rElec    .         Reflect  .   (no cloak)
rCorr    .         Harm     .   (no gloves)
MR       .....                  (no boots)
Stlth    +.........             (no amulet)
HPRegen  0.12/turn              (no ring)
MPRegen  0.11/turn              (no ring)

@: no status effects
A: claws 1, horns 1, fire resistance 1
a: no special abilities


You were on level 3 of the Dungeon.
You were not hungry.

You visited 1 branch of the dungeon, and saw 3 of its levels.

You collected 169 gold pieces.

Inventory:

Hand Weapons
 d - a +0 dagger
 e - a +2 vampiric dagger (weapon)
 g - a +0 short sword
Armour
 j - a +0 ring mail (worn)
Scrolls
 f - a scroll of identify {unknown}
Potions
 a - a potion of resistance
Comestibles
 b - 2 chunks of flesh
 c - 3 rations


   Skills:
 + Level 0.7 Fighting
 + Level 1.3 Short Blades
 + Level 0.5 Armour
 + Level 2.0 Dodging
 + Level 2.2 Stealth
 + Level 0.1 Unarmed Combat
 + Level 3.1 Spellcasting
 + Level 5.3 Necromancy


You had 9 spell levels left.
You knew the following spells:

 Your Spells              Type           Power        Failure   Level  Hunger
a - Pain                  Necr           ###.         5%          1    None


Dungeon Overview and Level Annotations

Branches:
Dungeon (3/15)

Altars:
Cheibriados
Okawaru


Innate Abilities, Weirdness & Mutations

You have sharp fingernails.
You have a pair of small horns on your head.
Your flesh is heat resistant. (rF+)


Message History

Aiming: Pain (safe; 5% risk of failure)
Press: ? - help, Shift-Dir - straight line, f - gnoll
Aim: a gnoll, wielding a spear and wearing a scale mail (lightly wounded, chance to defeat MR: 85%)
The gnoll writhes in agony!
The gnoll closely misses you.
Casting: Pain (safe; 5% risk of failure)
Confirm with . or Enter, or press ? or * to list all spells.
Aiming: Pain (safe; 5% risk of failure)
Press: ? - help, Shift-Dir - straight line, f/p - gnoll
Aim: a gnoll, wielding a spear and wearing a scale mail (heavily wounded, chance to defeat MR: 85%)
The gnoll writhes in agony!
The gnoll hits you with a halberd!
* * * LOW HITPOINT WARNING * * *
The gnoll hits you with a spear.
* * * LOW HITPOINT WARNING * * *
You barely miss the gnoll.
The gnoll is lightly wounded.
The gnoll completely misses you. The gnoll misses you.
You hit the gnoll but do no damage.
The gnoll is severely wounded.
The gnoll hits you with a spear.
You die...

##############....#.♣.♣.
.............#....(.....
.............#...#.#.##
..########...#(....#.###.#
..#......#...#...#.......#
..#......#...#...#######.#
..)......#...#...........
..#......#...#.g########.
..#......#...#.g@.......
..#......#...#..########
..#......#...#..#
..#).....#...#.(#
..#......#...#(.#
..'......#...#..#
..#......#...'..#
..########...#..#
.............#..#


You could see 2 gnolls.

Vanquished Creatures
  An orc wizard (D:3)
  2 adders
  A gnoll (D:3)
  An ooze (D:2)
  A worm (D:2)
  3 dart slugs
  3 leopard geckos
  3 orcs (D:3)
  4 bats
  11 giant cockroaches (D:2)
  11 goblins
  6 hobgoblins
  4 jackals (D:1)
  5 kobolds
  A quokka (D:2)
  6 frilled lizards
  4 rats
67 creatures vanquished.

Notes
Turn   | Place    | Note
-------+----------+-------------------------------------------
     0 | D:1      | grizmgrazm2 the Demonspawn Necromancer began the quest for the Orb.
     0 | D:1      | Reached XP level 1. HP: 13/13 MP: 3/3
   449 | D:1      | Gained mutation: You have sharp fingernails. [demonic ancestry]
   449 | D:1      | Reached XP level 2. HP: 18/19 MP: 3/5
   637 | D:1      | Reached skill level 5 in Necromancy
  1409 | D:2      | Gained mutation: You have a pair of small horns on your head. [demonic ancestry]
  1409 | D:2      | Reached XP level 3. HP: 24/24 MP: 6/6
  1696 | D:2      | Found a snail-covered altar of Cheibriados.
  1813 | D:2      | HP: 1/25 [giant cockroach (2)]
  1814 | D:2      | Reached skill level 1 in Short Blades
  2414 | D:2      | Gained mutation: Your flesh is heat resistant. (rF+) [demonic ancestry]
  2414 | D:2      | Reached XP level 4. HP: 15/31 MP: 5/7
  3437 | D:3      | Reached XP level 5. HP: 16/36 MP: 3/9
  3711 | D:3      | Found an iron altar of Okawaru.
  3807 | D:3      | Slain by a gnoll

Vault maps used:
D:1:      roderic_crossed_star
D:2:      minmay_roachtagon, lemuel_round_altar, first_ration,
          guppyfry_early_lair_pool
D:3:      okawaru_trees_1

Skill      XL: |  1  2  3  4 |
---------------+-------------+-----
Necromancy     | 5 |  5.3
Stealth        | 2 |  2.2
Dodging        | 2 |  2.0
Short Blades   | 1 |  1.3
Spellcasting   | 3 |  3.1
Fighting       | |  0.7
Armour         | |  0.5
Unarmed Combat | |  0.1

Action                   |  1- 3 |  4- 6 || total
-------------------------+-------+-------++-------
Melee: Dagger            |     3 |    21 ||    24
       Short sword       |   114 |    39 ||   153
       Unarmed           |     7 |       ||     7
       Headbutt          |     2 |    11 ||    13
 Cast: Pain              |    36 |    35 ||    71
  Use: Potion            |     2 |     2 ||     4
       Scroll            |     3 |     1 ||     4
 Stab: Sleeping          |     8 |       ||     8
  Eat: Chunk             |     3 |     3 ||     6
       Ration            |     1 |     2 ||     3
Armor: Robe              |     8 |       ||     8
       Leather armour    |     6 |       ||     6
       Ring mail         |    56 |    19 ||    75
Dodge: Dodged            |   102 |    37 ||   139

Table legend:
 A = Spawn XP
 B = Non-spawn XP
 C = Spawn XP percentage of total XP
 D = Spawn monster count
 E = Non-spawn monster count
 F = Spawn count percentage of total count
 G = Total turns spent on level
                    A         B        C        D         E        F      G
               +---------+---------+-------+---------+---------+-------+---------
         Total |       0 |     212 |   0.0 |       0 |      67 |   0.0 |  3807
               +---------+---------+-------+---------+---------+-------+---------
           D:1 |       0 |      38 |   0.0 |       0 |      19 |   0.0 |  1368
           D:2 |       0 |      72 |   0.0 |       0 |      28 |   0.0 |  1562
           D:3 |       0 |     102 |   0.0 |       0 |      20 |   0.0 |   877
               +---------+---------+-------+---------+---------+-------+---------
